 Dungeon Crawl Stone Soup version 0.31-a0-865-g3d5d91748a (webtiles) character file.

Game seed: 12364448858486935191

1227 dualclasshuman the Skirmisher (level 8, -8/49 HPs)
             Began as a Kobold Hunter on Oct 10, 2023.
             Was a Follower of Dithmenos.
             Killed from afar by a steam dragon (14 damage)
             ... with a ball of steam
             ... on level 6 of the Dungeon.
             The game lasted 00:13:23 (4030 turns).

dualclasshuman the Skirmisher (Kobold Hunter)       Turns: 4030, Time: 00:13:23

Health: -8/49      AC:  7    Str: 10    XL:     8   Next: 76%
Magic:  8/8        EV: 17    Int: 11    God:    Dithmenos [*.....]
Gold:   286        SH:  0    Dex: 21    Spells: 4/7 levels left

rFire   . . .        H - +7 short sword of Ammeamus {venom, rN+ Will+ Str+2 Dex-3}
rCold   . . .        (no shield)
rNeg    + . .        s - +1 robe of the Shrike {Dex+4}
rPois   .            (no helmet)
rElec   .            I - +1 cloak
rCorr   .            t - +0 pair of gloves
SInv    .            p - +0 pair of boots
Will    ++...        w - amulet of regeneration
Stlth   +++++        n - ring of willpower
HPRegen 1.08/turn    (no ring)
MPRegen 0.11/turn

%: no passive effects
@: wreathed by umbra
A: small, no large weapons, nightstalker 3
a: Renounce Religion


You were on level 6 of the Dungeon.
You worshipped Dithmenos.
Dithmenos was aware of your devotion.
You visited 2 branches of the dungeon, and saw 7 of its levels.

You collected 286 gold pieces.

Inventory:

Hand Weapons
 a - a +0 shortbow
 m - a +2 dagger of venom
 H - the +7 short sword of Ammeamus (weapon) {venom, rN+ Will+ Str+2 Dex-3}
   (You found it on level 5 of the Dungeon)

   Str+2:     It affects your strength (+2).
   Dex-3:     It affects your dexterity (-3).
   rN+:       It protects you from negative energy.
   Will+:     It increases your willpower.
Missiles
 g - a throwing net
Armour
 c - a +0 leather armour
 p - a +0 pair of boots (worn)
 s - the +1 robe of the Shrike (worn) {Dex+4}
   (You found it on level 2 of the Dungeon)

   Dex+4:     It affects your dexterity (+4).
 t - a +0 pair of gloves (worn)
 z - a +0 buckler
 I - a +1 cloak (worn)
Jewellery
 n - a ring of willpower (left hand)
 w - an amulet of regeneration (around neck)
Wands
 C - a wand of paralysis (12)
 D - a wand of roots (7)
Scrolls
 b - a scroll of butterflies
 d - 2 scrolls of poison {unknown}
 e - 6 scrolls of identify {unknown}
 o - a scroll of enchant weapon {unknown}
 v - a scroll of blinking {unknown}
 x - a scroll of teleportation {unknown}
 y - a scroll of noise {unknown}
 B - a scroll of summoning {unknown}
 E - a scroll of silence {unknown}
 F - a scroll of amnesia {unknown}
 G - a scroll of acquirement {unknown}
Potions
 f - a potion of heal wounds
 h - 2 potions of cancellation
 i - a potion of degeneration {unknown}
 j - a potion of curing {unknown}
 k - 5 potions of enlightenment
 l - 2 potions of ambrosia {unknown}
 r - 2 potions of resistance {unknown}
 u - 2 potions of brilliance {unknown}
 A - 2 potions of might {unknown}


   Skills:
 * Level 5.0 Fighting
 + Level 1.0 Short Blades
 * Level 11.3 Ranged Weapons
 * Level 4.3 Dodging
 * Level 4.8 Stealth


You had 4 spell levels left.
You knew the following spells:

 Your Spells              Type           Power      Damage    Failure   Level
a - Swiftness             Air            0%         N/A       71%         3

Your spell library contained the following spells:

 Spells                   Type           Power      Damage    Failure   Level
 Shock                    Conj/Air       0%         1d3       34%         1
 Sublimation of Blood     Necr           0%         N/A       47%         2
 Inner Flame              Hex/Fire       0%         N/A       71%         3
 Airstrike                Air            0%         2d(0-16)  98%         4
 Petrify                  Tmut/Erth      0%         N/A       98%         4
 Irradiate                Conj/Tmut      0%         3d11      100%        5
 Yara's Violent Unravell  Hex/Tmut       0%         3d3       100%        5
 Enfeeble                 Hex            0%         N/A       100%        7


Dungeon Overview and Level Annotations

Branches:
Dungeon (6/15)             Temple (1/1) D:4

Altars:
Ashenzari
Cheibriados
Dithmenos
Fedhas
Gozag
Kikubaaqudgha
Makhleb
Nemelex Xobeh
Qazlal
Sif Muna
Trog
Uskayaw
Vehumet
Wu Jian
Xom
Yredelemnul
Zin
The Shining One

Shops:
D:4 :


Innate Abilities, Weirdness & Mutations

You are small and have problems with some larger weapons.
You are completely attuned to the shadows.


Message History

You are engulfed in a cloud of scalding steam.
You shoot an arrow.
The arrow hits the steam dragon but does no damage.
The steam dragon is moderately wounded.
You are engulfed in a cloud of scalding steam.
You shoot an arrow.
The arrow barely misses the steam dragon.
You are engulfed in a cloud of scalding steam.
You shoot an arrow. The arrow hits the steam dragon.
The steam dragon is heavily wounded.
You are engulfed in a cloud of scalding steam.
The steam dragon bites you! The steam dragon completely misses you.
You shoot an arrow.
The arrow hits the steam dragon but does no damage.
The steam dragon is heavily wounded.
The steam dragon barely misses you. The steam dragon claws you.
You feel stronger.
You feel clumsy.
The +7 short sword of Ammeamus {venom, rN+ Will+ Str+2 Dex-3} begins to drip with poison!
H - the +7 short sword of Ammeamus (weapon)
{venom, rN+ Will+ Str+2 Dex-3} You puncture the steam dragon!
The steam dragon is poisoned.
The steam dragon is almost dead.
The steam dragon breathes steam at you. The ball of steam hits you!
* * * LOW HITPOINT WARNING * * *
You hear an angry growl.
You completely miss the steam dragon.
The steam dragon is almost dead.
You are engulfed in a cloud of scalding steam.
* * * LOW HITPOINT WARNING * * *
The steam dragon bites you but does no damage.
The steam dragon claws you but does no damage.
The steam dragon barely misses you.
The steam dragon claws you but does no damage.
You hit the steam dragon.
The steam dragon looks as sick as possible!
The steam dragon is almost dead.
The steam dragon breathes steam at you. The ball of steam hits you!
You die...

#...............#
#..#.#.####.
#..#.# #..#.#
#..§§# #.#§.# # #
#†§#.## #.§§...
#@D#... #...>##.#
#........
##...##. ##...


You could see a steam dragon (extremely poisoned, catching breath).

Vanquished Creatures
  Prince Ribbit (D:5)
  A water moccasin (D:5)
  A sky beast (D:6)
  A black bear (D:4)
  An ice beast (D:5)
  A phantom (D:4)
  A scorpion (D:5)
  3 hounds (D:5)
  A jelly (D:4)
  Crazy Yiuf (D:5)
  An orc priest (D:5)
  Ijyb (D:3)
  4 iguanas
  An orc wizard (D:5)
  5 adders
  A white imp (D:6)
  An ufetubus (D:4)
  2 worms
  3 dart slugs
  13 orcs
  13 ball pythons
  3 bats
  7 endoplasms
  4 giant cockroaches
  8 goblins
  15 hobgoblins
  3 jackals (D:4)
  5 quokkas
  3 frilled lizards
  7 kobolds
  7 rats
119 creatures vanquished.

Notes
Turn   | Place    | Note
-------+----------+-------------------------------------------
     0 | D:1      | dualclasshuman the Kobold Hunter began the quest for the
                  | Orb.
     0 | D:1      | Reached XP level 1. HP: 12/12 MP: 1/1
   220 | D:1      | Reached XP level 2. HP: 17/17 MP: 2/2
   289 | D:1      | Reached skill level 6 in Ranged Weapons
   371 | D:1      | Reached XP level 3. HP: 21/21 MP: 3/3
   723 | D:2      | Reached XP level 4. HP: 21/27 MP: 4/4
  1057 | D:2      | Identified the +1 robe of the Shrike {Dex+4}
  1582 | D:3      | Reached skill level 7 in Ranged Weapons
  1810 | D:3      | Noticed Ijyb
  1824 | D:3      | Killed Ijyb
  1825 | D:3      | Reached XP level 5. HP: 31/31 MP: 5/5
  1828 | D:3      | Found a faded altar of an unknown god.
  1909 | D:3      | Found an ancient bone altar of Kikubaaqudgha.
  2114 | D:4      | Noticed a phantom
  2136 | D:4      | Killed a phantom
  2137 | D:4      | Reached skill level 8 in Ranged Weapons
  2137 | D:4      | Reached XP level 6. HP: 28/37 MP: 6/6
  2187 | D:4      | Found Zinnoac's Book Shoppe.
  2240 | D:4      | Paralysed by a hobgoblin for 3 turns
  2380 | D:4      | Noticed a black bear
  2400 | D:4      | Killed a black bear
  2401 | D:4      | Reached skill level 9 in Ranged Weapons
  2401 | D:4      | Reached XP level 7. HP: 35/41 MP: 7/7
  2524 | D:4      | Found a staircase to the Ecumenical Temple.
  2533 | Temple   | Entered the Ecumenical Temple
  2651 | Temple   | Became a worshipper of Dithmenos the Shadowed
  2967 | D:5      | Entered Level 5 of the Dungeon
  3122 | D:5      | Noticed Prince Ribbit
  3139 | D:5      | Killed Prince Ribbit
  3140 | D:5      | Reached skill level 10 in Ranged Weapons
  3140 | D:5      | Reached XP level 8. HP: 48/48 MP: 8/8
  3179 | D:5      | Found a runed translucent door.
  3182 | D:5      | Noticed Crazy Yiuf
  3259 | D:5      | Learned a level 3 spell: Swiftness
  3331 | D:5      | Identified the +7 short sword of Ammeamus {venom, rN+ Will+
                  | Str+2 Dex-3}
  3386 | D:5      | Reached skill level 11 in Ranged Weapons
  3549 | D:5      | Reached * piety under Dithmenos
  3858 | D:5      | Killed Crazy Yiuf
  3988 | D:6      | Reached skill level 5 in Fighting
  3988 | D:6      | Reached skill level 1 in Short Blades
  4030 | D:6      | Killed from afar by a steam dragon

Illustrated notes

Levels and vault maps discovered:
D:1:      dpeg_arrival_circle_labyrinth_a, layout_rooms,
          dreamdust_mushroom_princess
D:2:      layout_basic, reono_crystal_passage, hex_medium
D:3:      layout_basic, mainiacjoe_overflow_paths,
          hellmonk_ecumenical_altar_crossroads, minmay_vboxes, uniq_ijyb
D:4:      layout_basic, minmay_temple_entry_ruins, serial_shops, shop
D:5:      layout_cave_pods, uniq_crazy_yiuf_cottage, uniq_prince_ribbit1
D:6:      layout_loops_ring, serial_glass, glass_columns_b, glass_columns_a,
          glass_columns_c, glass_columns_a, glass_columns_a, glass_columns_a,
          glass_columns_b, glass_columns_b, glass_columns_a, glass_columns_c,
          glass_columns_c, glass_columns_a, glass_columns_c, glass_columns_b,
          item_on_display_a, due_unseen_surprise, minmay_strange_pillars
Temple:   minmay_temple_bridge_d

Skill      XL: |  1  2  3  4  5  6  7  8 |
---------------+-------------------------+-----
Ranged Weapons | 6 7 8 9 10 11 | 11.3
Stealth        | 2 3 4 |  4.8
Fighting       | 3 4 5 |  5.0
Dodging        | 3 4 |  4.3
Short Blades   | 1 |  1.0

Action                     |  1- 3 |  4- 6 |  7- 9 || total
---------------------------+-------+-------+-------++-------
  Melee: Dagger            |       |    12 |     8 ||    20
         Short sword       |       |       |    33 ||    33
         Punch             |       |       |     1 ||     1
   Fire: Shortbow          |    81 |   175 |    77 ||   333
    Use: Potion            |       |       |     3 ||     3
   Stab: Sleeping          |       |       |     4 ||     4
 Armour: Leather armour    |    21 |     4 |       ||    25
         Robe              |       |    38 |    44 ||    82
  Dodge: Dodged            |    29 |    69 |    57 ||   155

Table legend: (Time is in decaauts)
 A = Elapsed time spent in this place.
 B = Non-inter-level travel time spent in this place.
 C = Inter-level travel time spent in this place.
 D = Time resting spent in this place.
 E = Time spent auto-exploring this place.
 F = Levels seen in this place.
 G = Mean time per level.
                   A        B        C        D        E       F      G
               +--------+--------+--------+--------+--------+-----+--------+
         Total |   4033 |   3760 |    273 |    118 |   2798 |   7 |  576.1 |
       Dungeon |   3841 |   3706 |    135 |    118 |   2798 |   6 |  640.2 |
        Temple |    191 |     53 |    138 |      0 |      0 |   1 |  191.0 |
               +--------+--------+--------+--------+--------+-----+--------+

Top non-repeatable levels by time:
     D:5: 974 daAuts
     D:2: 738 daAuts
     D:4: 729 daAuts
     D:3: 681 daAuts
     D:1: 640 daAuts
  Temple: 191 daAuts
     D:6: 77 daAuts
